 Dungeon Crawl Stone Soup version 0.18.1-8-gdd0e5ea (console) character file.

340 Kloppie the Skirmisher (level 6, -7/57 HPs)
             Began as a Minotaur Fighter on May 28, 2016.
             Mangled by a gnoll
             ... wielding a +0 flail
              (13 damage)
             ... on level 3 of the Dungeon.
             The game lasted 00:05:20 (3098 turns).

Kloppie the Skirmisher (Minotaur Fighter)           Turns: 3098, Time: 00:05:21

Health: -7/57      AC:  7    Str: 20    XL:     6   Next: 30%
Magic:  5/5        EV:  7    Int:  5    God:
Gold:   180        SH:  9    Dex: 12    Spells: 0 memorised, 5 levels left

rFire  + . .     SeeInvis .     a - +0 long sword
rCold  . . .     Gourm    .     b - +0 scale mail
rNeg   . . .     Faith    .     c - +0 shield
rPois  .         Spirit   .     (helmet restricted)
rElec  .         Dismiss  .     (no cloak)
rCorr  .         Reflect  .     (no gloves)
SustAt +         Harm     .     (no boots)
MR     .....                    (no amulet)
Stlth  ..........               r - ring of protection from fire
                                y - ring of sustain attributes

@: glowing, not resistant to hostile enchantments, extremely unstealthy
A: retaliatory headbutt, horns 2
a: no special abilities


You were on level 3 of the Dungeon.
You were not hungry.

You visited 1 branch of the dungeon, and saw 3 of its levels.

You collected 180 gold pieces.

Inventory:

Hand Weapons
 a - a +0 long sword (weapon)
Armour
 b - a +0 scale mail (worn)
 c - a +0 shield (worn)
Jewellery
 r - a ring of protection from fire (right hand)
 y - a ring of sustain attributes (left hand)
Scrolls
 e - 3 scrolls of teleportation {unknown}
 g - a scroll of noise {unknown}
 i - a scroll of recharging {unknown}
 l - a scroll of random uselessness {unknown}
 m - 3 scrolls of identify {unknown}
 o - a scroll of blinking {unknown}
 s - a scroll of fog {unknown}
 v - a scroll of enchant armour {unknown}
 z - a scroll of magic mapping {unknown}
Potions
 h - a potion of cure mutation {unknown}
 n - 2 potions of curing {unknown}
 p - a potion of heal wounds {unknown}
 q - a potion of brilliance {unknown}
 w - a potion of magic {unknown}
 x - a potion of flight {unknown}
Comestibles
 d - a beef jerky
 f - a bread ration
 j - a slice of pizza
 t - a chunk of flesh
 u - 2 meat rations


   Skills:
 + Level 5.9 Fighting
 + Level 4.8 Long Blades
 + Level 5.8 Armour
 - Level 3.6 Shields


You had 5 spell levels left.
You didn't know any spells.

Dungeon Overview and Level Annotations

Branches:
Dungeon (3/15)

Altars:
Gozag
Zin
The Shining One


Innate Abilities, Weirdness & Mutations

You reflexively headbutt those who attack you in melee.
You have a pair of horns on your head.


Message History

* * * LOW HITPOINT WARNING * * *
The gnoll hits you but does no damage.
The gnoll shaman calls upon its god to speed up the gnoll.
The gnoll seems to speed up.
You block the gnoll's attack. The gnoll hits you but does no damage.
The gnoll hits you but does no damage.
Some of the chunks of flesh in your inventory have rotted away.
A gnoll comes into view. It is wielding a flail.
The gnoll shouts!
The gnoll hits you with a flail!
* * * LOW HITPOINT WARNING * * *
You block the gnoll's attack. The gnoll completely misses you.
The gnoll shaman calls upon its god to speed up the gnoll.
The gnoll seems to speed up.
The gnoll shaman calls upon its god to speed up the gnoll.
The gnoll seems to speed up.
The gnoll hits you with a flail.
* * * LOW HITPOINT WARNING * * *
The gnoll hits you with a flail!
You die...

.......#..################.......
.........##### ###.#...
.......)g#...## ######....)..
.......)......## ##.........##.
......)....g...#####..#.......##.
.....................##.##....##.
.........................>....##.
...).......).g####...#####.......
.........#...).g@..<....#......#.
.......####.......####..........<
............#....................
......#..#........##..........>..
.....##....##.....##.............
####....#...#.....##.............
###..##.###.#.##..###............
#....##.# #.#.###....#.......#...
..##)##.# #...# ####........##...


You could see a gnoll shaman and a gnoll.

Vanquished Creatures
  A gnoll shaman (D:2)
  17 gnolls
  5 adders
  A worm (D:3)
  2 dart slugs
  3 giant geckos
  4 orcs (D:3)
  8 bats
  4 giant cockroaches
  5 goblins
  12 hobgoblins
  18 jackals
  4 kobolds
  A quokka (D:3)
  3 giant newts
  6 rats
94 creatures vanquished.

Notes
Turn   | Place    | Note
--------------------------------------------------------------
     0 | D:1      | Kloppie the Minotaur Fighter began the quest for the Orb.
     0 | D:1      | Reached XP level 1. HP: 19/19 MP: 0/0
   173 | D:1      | Reached XP level 2. HP: 25/27 MP: 1/1
   946 | D:2      | Reached XP level 3. HP: 30/33 MP: 2/2
  1329 | D:2      | Found an opulent altar of Gozag.
  1545 | D:3      | Reached XP level 4. HP: 40/41 MP: 3/3
  1669 | D:2      | Reached skill level 5 in Armour
  1848 | D:2      | HP: 1/41 [gnoll/halberd (3)]
  2155 | D:3      | Reached skill level 5 in Fighting
  2155 | D:3      | Reached XP level 5. HP: 48/48 MP: 4/4
  2672 | D:3      | Found a glowing golden altar of the Shining One.
  2676 | D:3      | Found a glowing silver altar of Zin.
  2849 | D:2      | Reached XP level 6. HP: 42/56 MP: 5/5
  3098 | D:3      | Mangled by a gnoll

Skill      XL: |  1  2  3  4  5 |
---------------+----------------+-----
Armour         | 4 5 |  5.8
Fighting       | 4 5 |  5.9
Long Blades    | 3 4 |  4.8
Shields        | |  3.6

Action                   |  1- 3 |  4- 6 || total
-------------------------+-------+-------++-------
Melee: Long sword        |   107 |   154 ||   261
       Headbutt          |     7 |    19 ||    26
  Use: Potion            |       |     1 ||     1
  Eat: Chunk             |     2 |     5 ||     7
Armor: Scale mail        |    51 |    62 ||   113
Dodge: Dodged            |    28 |    55 ||    83
Block: Shield            |    52 |    93 ||   145
